 Dungeon Crawl Stone Soup version 0.28.0-45-g0d030f2227 (webtiles) character file.

Game seed: 8345114667498153562

2770 Faeu the Blocker (level 9, -4/82 HPs)
             Began as a Minotaur Fighter on Mar 28, 2022.
             Was a Believer of Trog.
             Slain by an orc warrior
             ... wielding a +0 scimitar
              (11 damage)
             ... on level 8 of the Dungeon on Mar 29, 2022.
             The game lasted 00:43:11 (7111 turns).

Faeu the Blocker (Minotaur Fighter)                 Turns: 7111, Time: 00:43:12

Health: -4/82      AC: 23    Str: 25    XL:     9   Next: 42%
Magic:  8/8        EV:  8    Int:  8    God:    Trog [**....]
Gold:   520        SH:  0    Dex:  4    Spells: 8/8 levels left

rFire   + . .      SeeInvis +   q - +2 falchion (protect) {long}
rCold   . . .      Faith    .   f - orb {mayhem}
rNeg    + . .      Spirit   .   K - +1 chain mail of the Skies Above {rPois rN+ Int+3 Dex-4}
rPois   +          Reflect  .   (helmet restricted)
rElec   .          Harm     .   e - +0 cloak
rCorr   .          Rampage  .   u - +0 pair of gloves
Will    .....                   O - +0 pair of boots
Stlth   ..........              (no amulet)
HPRegen 0.23/turn               P - ring of protection from fire
MPRegen 0.11/turn               a - ring of see invisible

@: under a protective aura
A: horns 2, retaliatory headbutt, clumsy 1
a: Renounce Religion, Berserk, Trog's Hand


You were on level 8 of the Dungeon.
You worshipped Trog.
Trog was pleased with you.
You visited 2 branches of the dungeon, and saw 9 of its levels.

You collected 520 gold pieces.


Innate Abilities, Weirdness & Mutations

You have a pair of horns on your head.
You reflexively headbutt those who attack you in melee.
You are clumsy. (Dex -2)


   Skills:
 + Level 8.6 Fighting
 + Level 8.1 Long Blades
 + Level 8.6 Armour
 + Level 8.6 Shields


You had 8 spell levels left.
You didn't know any spells.
Your spell library contained the following spells:

 Spells                   Type           Power      Damage    Failure   Level
 Apportation              Tloc           0%         N/A       93%         1
 Pain                     Necr           0%         1d4       93%         1
 Scorch                   Fire           0%         2d5       98%         2
 Ignite Poison            Fire/Tmut/Pois 0%         N/A       100%        3
 Mephitic Cloud           Conj/Pois/Air  0%         N/A       100%        3
 Ozocubu's Armour         Ice            0%         N/A       100%        3
 Flame Wave               Conj/Fire      0%         2d4       100%        4
 Agony                    Necr           0%         N/A       100%        5
 Alistair's Intoxication  Tmut/Pois      0%         N/A       100%        5
 Excruciating Wounds      Necr           0%         N/A       100%        5
 Freezing Cloud           Conj/Ice/Air   0%         6-21      100%        5
 Metabolic Englaciation   Hex/Ice        0%         N/A       100%        5
 Simulacrum               Ice/Necr       0%         N/A       100%        6
 Summon Cactus Giant      Summ           0%         N/A       100%        6

Inventory:

Hand Weapons
 q - a +2 falchion of protection (weapon) {long}
   (You took it off an orc on level 6 of the Dungeon)
 r - a +3 quarterstaff of chaos {staff}
   (You took it off Crazy Yiuf on level 2 of the Dungeon)
 x - a +0 dagger of electrocution {short}
   (You took it off a goblin on level 3 of the Dungeon)
 H - a +5 short sword {short}
   (You took it off an orc on level 5 of the Dungeon)
 J - a +2 flail of distortion {!wmace}
   (You took it off an orc on level 5 of the Dungeon)
 M - a +1 dire flail of protection {mace}
   (You took it off Edmund on level 5 of the Dungeon)
 S - a +3 short sword of venom {short}
   (You took it off an orc warrior on level 6 of the Dungeon)
 W - a +0 short sword {short}
   (You found it on level 8 of the Dungeon)
Missiles
 j - 12 poisoned darts {throwing}
 R - 3 boomerangs (quivered) {throwing}
Armour
 c - a +0 buckler
 e - a +0 cloak (worn)
   (You found it on level 1 of the Dungeon)
 f - an orb of mayhem (worn)
   (You found it on level 1 of the Dungeon)
 k - a +3 ring mail
   (You found it on level 1 of the Dungeon)
 u - a +0 pair of gloves (worn)
   (You found it on level 3 of the Dungeon)
 K - the +1 chain mail of the Skies Above (worn) {rPois rN+ Int+3 Dex-4}
   (You found it on level 5 of the Dungeon)

   Int:       It affects your intelligence (+3).
   Dex:       It affects your dexterity (-4).
   rPois:     It protects you from poison.
   rN:        It protects you from negative energy.
 N - a +2 chain mail of cold resistance
   (You took it off Edmund on level 5 of the Dungeon)
 O - a +0 pair of boots (worn)
   (You found it on level 5 of the Dungeon)
Jewellery
 a - a ring of see invisible (right hand)
   (You found it on level 6 of the Dungeon)
 v - a ring of fire
   (You took it off a goblin on level 3 of the Dungeon)
 C - a +6 ring of intelligence
   (You found it on level 4 of the Dungeon)
 P - a ring of protection from fire (left hand)
   (You found it on level 7 of the Dungeon)
Wands
 o - a wand of digging (4)
   (You found it on level 2 of the Dungeon)
 L - a wand of polymorph (4)
   (You took it off Edmund on level 5 of the Dungeon)
 T - a wand of flame (27)
   (You found it on level 7 of the Dungeon)
 U - a wand of iceblast (1)
   (You found it on level 7 of the Dungeon)
Scrolls
 b - a scroll of teleportation {@r4}
 g - 2 scrolls of noise {unknown}
 l - a scroll of enchant armour {unknown}
 m - 2 scrolls of enchant weapon
 n - a scroll of silence {unknown}
 s - a scroll of blinking {unknown}
 y - a scroll of fear {unknown}
 A - a scroll of vulnerability {unknown}
 B - a scroll of summoning {unknown}
 G - 4 scrolls of identify {unknown}
 I - 3 scrolls of fog {unknown}
 Q - 2 scrolls of magic mapping {unknown}
 V - a scroll of brand weapon {unknown}
Potions
 d - 3 potions of might
 h - 2 potions of heal wounds {@q2}
 i - 9 potions of curing {unknown}
 p - 2 potions of ambrosia {unknown}
 t - a potion of mutation {unknown}
 w - 4 potions of flight {unknown}
 z - 4 potions of haste {@q3}
 D - a potion of cancellation {unknown}
 E - a potion of lignification {unknown}
 F - a potion of degeneration {unknown}

Dungeon Overview and Level Annotations

Branches:
Dungeon (8/15)             Temple (1/1) D:5            Lair (0/6) D:8

Altars:
Ashenzari
Cheibriados
Dithmenos
Elyvilon
Fedhas
Hepliaklqana
Makhleb
Ru
Sif Muna
Trog
Uskayaw
Vehumet
Wu Jian
Xom
Yredelemnul
The Shining One

Shops:
D:7 *

Annotations:
D:3 2 transporters, dangdung's ghost, amateur OpTm

#...# .# ? # #...# #.#
.# ... #. #... #.# #..
....#.##..# #.# #.#
..........####.###.#
................##.#
......##..####.# #[#
........).o@...###.#
...)#.###.###......# . #
#.# #.####.#### ........
..............#
....................#.##
#.#h##.###.###.####.#.#
#.#.##.# #.# #.# #.#.#
###.#.##.# #.# #.# #.#.#
#.#.#.##.# #.# #.# #.#.#


You could see a neutral orc warrior (fast, strong, insane).


Message History

You throw a boomerang {throwing}.
The boomerang {throwing} hits the howler monkey.
You throw a boomerang {throwing}.
The boomerang {throwing} hits the howler monkey. 😕 HP[+1]
You throw a boomerang {throwing}.
The boomerang {throwing} hits the howler monkey.
The howler monkey completely misses you.
You furiously retaliate!
You headbutt the howler monkey. The howler monkey barely misses you.
You furiously retaliate!
You headbutt the howler monkey.
You kill the howler monkey!
Trog accepts your kill.
You see here a howler monkey corpse.
You see here a howler monkey corpse. 😕 HP[+1] 😕 HP[+1] 😕 HP[+1] 😕 HP[+1] 😕 HP[+1] 😕 HP[+1] 😎 HP[+1]
An orc comes into view. It is wielding a +0 short sword.
You hear the brisk hiss of a distant avalanche of sand.
The orc shouts!
An orc comes into view. It is wielding a +0 hand axe.
A howler monkey comes into view.
You barely miss the orc.
The howler monkey howls!
You hear a shout! x2
The orc hits you but does no damage.
You slash the orc!
Your weapon exudes an aura of protection.
You kill the orc!
Trog accepts your kill.
The orc flies into a frenzy!
The orc misses something. x2
Something hits the orc!
The orc dies!
An orc comes into view. It is wielding a +0 short sword.
An orc warrior comes into view. It is wielding a +0 scimitar.
An orc wizard comes into view. It is wielding a +0 dagger.
You see here a +0 short sword {short}.
An orc comes into view. It is wielding a +0 whip.
The orc wizard shouts!
The orc shouts!
You see here a +0 short sword {short}.
You hit the orc.
Your weapon exudes an aura of protection.
You headbutt the orc.
You kill the orc!
Trog accepts your kill.
The orc warrior flies into a frenzy!
The orc warrior hits the howler monkey with a +0 scimitar!
You hit the howler monkey.
The orc warrior closely misses the orc wizard.
The orc hits the orc warrior with a +0 whip.
The howler monkey barely misses you.
You slash the howler monkey!
You kill the howler monkey!
Trog accepts your kill.
The orc warrior hits the orc with a +0 scimitar!
The orc dies!
Trog accepts your kill.
The orc warrior hits the orc wizard with a +0 scimitar!!
The orc wizard dies!
Trog accepts your kill.
Trog appreciates your killing of a magic user.
The orc warrior shouts!
You see here a +0 short sword {short}.
You closely miss the orc warrior.
The orc warrior hits you with a +0 scimitar! 😕 HP[-15]
You take 15 damage, and now have 67/82 hp.
You hit the orc warrior.
The orc warrior hits you but does no damage.
The orc warrior hits you with a +0 scimitar!! 😮 HP[-22]
You take 22 damage, and now have 45/82 hp.
MASSIVE DAMAGE!! (PAUSE)
You closely miss the orc warrior.
The orc warrior hits you with a +0 scimitar.
* * * LOW HITPOINT WARNING * * *
😨 HP[-4]
You take 4 damage, and now have 41/82 hp.
You hit the orc warrior but do no damage.
The orc warrior completely misses you.
You slash the orc warrior! Your headbutt misses the orc warrior.
The orc warrior hits you but does no damage.
The orc warrior hits you with a +0 scimitar!
* * * LOW HITPOINT WARNING * * *
😨 HP[-13]
You take 13 damage, and now have 28/82 hp.
You hit the orc warrior but do no damage.
The orc warrior hits you with a +0 scimitar!
* * * LOW HITPOINT WARNING * * *
😱 HP[-10]
You take 10 damage, and now have 18/82 hp.
You hit the orc warrior.
The orc warrior hits you with a +0 scimitar!
* * * LOW HITPOINT WARNING * * *
The orc warrior hits you with a +0 scimitar!
You die...

Skill      XL: |  1  2  3  4  5  6  7  8  9 |
---------------+----------------------------+-----
Fighting       | 4 5 6 8 |  8.6
Shields        | 4 5 6 8 |  8.6
Long Blades    | 3 4 5 6 7 8 |  8.1
Armour         | 4 5 6 7 8 |  8.6

Action                   |  1- 3 |  4- 6 |  7- 9 || total
-------------------------+-------+-------+-------++-------
Melee: Long sword        |    85 |   172 |    14 ||   271
       Headbutt          |     7 |    25 |    30 ||    62
       Flail             |       |       |    84 ||    84
       Short sword       |       |       |    16 ||    16
       Unarmed           |       |       |     2 ||     2
       Falchion          |       |       |   115 ||   115
Throw: Dart              |       |       |    13 ||    13
       Boomerang         |       |       |    14 ||    14
  Use: Scroll            |       |       |     2 ||     2
Armor: Ring mail         |    40 |   112 |     7 ||   159
       Scale mail        |     3 |       |       ||     3
       Chain mail        |       |       |   101 ||   101
       Skin              |       |       |     9 ||     9
Dodge: Dodged            |    38 |    86 |    71 ||   195
Block: Buckler           |    25 |    49 |    22 ||    96

Levels and vault maps discovered:
D:1:      ncdulo_watergridlock, layout_basic, chequers_serial_rivers_room_a,
          nrook_mini_vaults, hangedman_decor_growths, solitary_fountain,
          hex_medium, minmay_misc_feat_iff
D:2:      layout_loops_corners, serial_undead, serial_undead_a, serial_undead_f,
          serial_undead_b, serial_undead_b, serial_undead_e, serial_undead_d,
          serial_undead_c, serial_undead_c, ebering_ecumenical_altar_petrified,
          chequers_hall_statues_corner_a, uniq_terence, uniq_crazy_yiuf_cottage
D:3:      kennysheep_goblin_castle, layout_rooms,
          mainiacjoe_overflow_six_doors_small, gammafunk_ghost_smash,
          minmay_misc_feat_square, uniq_ijyb
D:4:      kennysheep_slugbush, layout_cave_pools, minmay_pentangle
D:5:      layout_loops_ring, minmay_temple_entry_enclosed_plants,
          kennysheep_generic_room_13, uniq_edmund
D:6:      layout_loops_ring
D:7:      layout_basic, nicolae_shop_fire_sale [nicolae_sub_dead_trees],
          uniq_duvessa
D:8:      layout_basic, erik_lair_orcish_takeover, enter_ossuary_1,
          gammafunk_ghost_arena
Temple:   mainiacjoe_temple_circle_huts

Notes
Turn   | Place    | Note
-------+----------+-------------------------------------------
     0 | D:1      | Faeu the Minotaur Fighter began the quest for the Orb.
     0 | D:1      | Reached XP level 1. HP: 19/19 MP: 0/0
     0 | D:1      | magus.rc [v1.9.6]
   189 | D:1      | Reached XP level 2. HP: 26/27 MP: 1/1
   554 | D:2      | You pick up a book of Scorching and begin reading...
   554 | D:2      | You add the spells Scorch, Flame Wave and Summon Cactus
                  | Giant to your library.
   711 | D:2      | Reached skill level 4 in Fighting
   711 | D:2      | Reached skill level 4 in Shields
   794 | D:2      | Reached skill level 3 in Long Blades
   794 | D:2      | Reached skill level 4 in Armour
   794 | D:2      | Reached XP level 3. HP: 33/33 MP: 2/2
   990 | D:2      | Found a faded altar of an unknown god.
  1328 | D:2      | Noticed Terence
  1344 | D:2      | Killed Terence
  1345 | D:2      | Reached XP level 4. HP: 37/41 MP: 3/3
  1449 | D:2      | Found a runed translucent door.
  1450 | D:2      | Noticed Crazy Yiuf
  1676 | D:2      | Killed Crazy Yiuf
  1679 | D:2      | magus.rc [v1.9.6]
  1861 | D:3      | Noticed an ogre
  1861 | D:3      | Noticed dangdung's ghost (amateur OpTm)
  1862 | D:3      | Noticed an ogre
  1863 | D:3      | Found a transporter.
  1902 | D:3      | Found a sacrificial altar of Ru.
  2247 | D:3      | Noticed Ijyb
  2252 | D:3      | Paralysed by Ijyb for 2 turns
  2256 | D:3      | Paralysed by Ijyb for 2 turns
  2260 | D:3      | Paralysed by Ijyb for 6 turns
  2273 | D:3      | Killed Ijyb
  2291 | D:3      | Reached XP level 5. HP: 19/47 MP: 4/4
  2590 | D:3      | Noticed Robin
  2615 | D:3      | Reached skill level 4 in Long Blades
  2616 | D:3      | Reached skill level 5 in Shields
  2624 | D:3      | Killed Robin
  2668 | D:3      | Reached skill level 5 in Fighting
  2716 | D:3      | You pick up a book of Pain and begin reading...
  2716 | D:3      | You add the spells Pain, Agony and Excruciating Wounds to
                  | your library.
  2818 | D:3      | Found a transporter.
  2873 | D:4      | Reached skill level 5 in Armour
  2977 | D:4      | Reached XP level 6. HP: 56/56 MP: 5/5
  3140 | D:4      | You pick up a book of Winter and begin reading...
  3140 | D:4      | You add the spells Ozocubu's Armour, Metabolic Englaciation
                  | and Simulacrum to your library.
  3624 | D:5      | Entered Level 5 of the Dungeon
  3782 | D:5      | Noticed an ice beast
  3789 | D:5      | Killed an ice beast
  3790 | D:5      | Reached skill level 5 in Long Blades
  3790 | D:5      | Reached XP level 7. HP: 49/62 MP: 6/6
  3897 | D:5      | Reached skill level 6 in Shields
  3965 | D:5      | Reached skill level 6 in Fighting
  3976 | D:5      | Identified the +1 chain mail of the Skies Above {rPois rN+
                  | Int+3 Dex-4}
  4005 | D:5      | Upgraded the game from 0.28.0-43-g3370ac3207 to
                  | 0.28.0-45-g0d030f2227
  4005 | D:5      | magus.rc [v1.9.6]
  4057 | D:5      | Noticed Edmund
  4058 | D:5      | magus.rc [v1.9.6]
  4219 | D:5      | Killed Edmund
  4220 | D:5      | Reached skill level 6 in Armour
  4341 | D:5      | Found a staircase to the Ecumenical Temple.
  4350 | Temple   | Entered the Ecumenical Temple
  4484 | Temple   | Became a worshipper of Trog the Wrathful
  5129 | D:6      | You pick up a book of Scorching {forbidden} and begin
                  | reading...
  5251 | D:6      | Reached skill level 6 in Long Blades
  5251 | D:6      | Reached XP level 8. HP: 69/71 MP: 7/7
  5528 | D:6      | Reached skill level 7 in Shields
  5554 | D:6      | Reached skill level 7 in Fighting
  5554 | D:6      | Reached skill level 7 in Armour
  5599 | D:6      | Reached * piety under Trog
  5713 | D:6      | You add the spells Ignite Poison, Mephitic Cloud and
                  | Freezing Cloud to your library.
  5865 | D:6      | Reached skill level 7 in Long Blades
  5904 | D:6      | Gained mutation: You are clumsy. (Dex -2) [mutagenic glow]
  6307 | D:7      | Noticed Duvessa
  6308 | D:7      | Noticed Dowan
  6323 | D:7      | Killed Duvessa
  6324 | D:7      | Killed Dowan
  6342 | D:7      | Found Luopn's Fire Supplies.
  6404 | D:7      | Reached skill level 8 in Fighting
  6404 | D:7      | Reached skill level 8 in Shields
  6404 | D:7      | Reached XP level 9. HP: 73/81 MP: 8/8
  6535 | D:7      | You pick up a book of Party Tricks {forbidden} and begin
                  | reading...
  6535 | D:7      | You add the spells Apportation and Alistair's Intoxication
                  | to your library.
  6605 | D:8      | Found a staircase to the Lair.
  6622 | D:8      | Reached skill level 8 in Armour
  6783 | D:8      | Reached ** piety under Trog
  6792 | D:8      | Reached skill level 8 in Long Blades
  7110 | D:8      | HP: 18/82 [orc warrior/+0 scimitar (10)]
  7111 | D:8      | HP: 7/82 [orc warrior/+0 scimitar (11)]
  7111 | D:8      | Slain by an orc warrior

Vanquished Creatures
  3 wargs (D:8)
  Edmund (D:5)
  Duvessa (D:7)
  2 water moccasins (D:7)
  3 orc warriors
  An ice beast (D:5)
  2 ogres
  A sky beast (D:6)
  A black bear (D:6)
  2 scorpions (D:4)
  Dowan (D:7)
  2 howler monkeys (D:8)
  A bullfrog zombie (D:5)
  4 jellies (D:6)
  3 orc priests
  2 centaur zombies
  A bullfrog skeleton (D:5)
  A centaur skeleton (D:4)
  Crazy Yiuf (D:2)
  Ijyb (D:3)
  Terence (D:2)
  2 iguanas
  9 orc wizards
  2 hound skeletons (D:4)
  Robin (D:3)
  3 gnolls (D:6)
  A howler monkey skeleton (D:5)
  2 adders
  An ufetubus (D:6)
  A worm (D:3)
  12 dart slugs
  26 orcs
  4 ball pythons
  3 bats
  3 bat skeletons (D:2)
  8 endoplasms
  3 giant cockroaches
  7 hobgoblins
  5 jackals
  7 kobolds
  3 quokkas
  A ball python zombie (D:2)
  4 frilled lizards
  15 goblins
  A quokka skeleton (D:2)
  2 quokka zombies (D:2)
  2 rats
163 creatures vanquished.

Vanquished Creatures (collateral kills)
  2 orc wizards (D:8)
  4 orcs (D:8)
6 creatures vanquished.

Vanquished Creatures (others)
  2 orcs (D:8)
  6 withered plants (D:2)
8 creatures vanquished.

Grand Total: 177 creatures vanquished

Table legend:
 A = Non-vault XP
 B = Vault XP
 C = Vault XP percentage of total XP
 D = Non-vault monster count
 E = Vault monster count
 F = Vault count percentage of total count
                 A         B        C        D         E       F
            +---------+---------+-------+---------+---------+-------
      Total |    2541 |    1417 |  35.8 |     108 |      61 |  36.1
            +---------+---------+-------+---------+---------+-------
        D:1 |      20 |       0 |   0.0 |      12 |       0 |   0.0
        D:2 |      37 |      83 |  69.2 |      15 |       9 |  37.5
        D:3 |      85 |      95 |  52.8 |      11 |      23 |  67.6
        D:4 |      79 |     208 |  72.5 |       7 |      18 |  72.0
        D:5 |     421 |     164 |  28.0 |      13 |       1 |   7.1
        D:6 |    1125 |       0 |   0.0 |      28 |       0 |   0.0
        D:7 |     383 |     222 |  36.7 |       8 |       2 |  20.0
        D:8 |     391 |     645 |  62.3 |      14 |       8 |  36.4
            +---------+---------+-------+---------+---------+-------

Illustrated notes

Table legend:
 A = Kills in this place as a percentage of kills in entire the game.
 B = Kills by you in this place as a percentage of kills by you in the entire game.
 C = Kills by friends in this place as a percentage of kills by friends in the entire game.
 D = Other kills in this place as a percentage of other kills in the entire game.
 E = Experience gained in this place as a percentage of experience gained in the entire game.
 F = Experience gained in this place divided by the number of levels of this place that you have seen.
                   A       B       C       D       E      F
               +-------+-------+-------+-------+-------+----------------------
         Total | 100.0 | 100.0 | 100.0 |   N/A | 100.0 | 439.8
       Dungeon | 100.0 | 100.0 | 100.0 |   N/A | 100.0 | 494.8
               +-------+-------+-------+-------+-------+----------------------

Table legend: (Time is in decaauts)
 A = Elapsed time spent in this place.
 B = Non-inter-level travel time spent in this place.
 C = Inter-level travel time spent in this place.
 D = Time resting spent in this place.
 E = Time spent auto-exploring this place.
 F = Levels seen in this place.
 G = Mean time per level.
                   A        B        C        D        E       F      G
               +--------+--------+--------+--------+--------+-----+--------+
         Total |   7220 |   6987 |    233 |    349 |   3508 |   9 |  802.2 |
       Dungeon |   7062 |   6829 |    233 |    349 |   3395 |   8 |  882.8 |
        Temple |    157 |    157 |      0 |      0 |    113 |   1 |  157.0 |
               +--------+--------+--------+--------+--------+-----+--------+

Top non-repeatable levels by time:
     D:2: 1328 daAuts
     D:5: 1205 daAuts
     D:3: 1080 daAuts
     D:6: 995 daAuts
     D:4: 741 daAuts
     D:7: 635 daAuts
     D:1: 548 daAuts
     D:8: 528 daAuts
  Temple: 157 daAuts
